 Dungeon Crawl Stone Soup version 0.29.0-11-gd7f09526c8 (webtiles) character file.

Game seed: 5461449140277215633

641 Arum the Trooper (level 7, 0/49 (58) HPs)
             Began as a Formicid Fighter on Sept 5, 2022.
             Was an Initiate of the Shining One.
             Slain by a gnoll sergeant
             ... wielding a +0 spear
              (9 damage)
             ... on level 5 of the Dungeon.
             The game lasted 00:05:09 (4351 turns).

Arum the Trooper (Formicid Fighter)                 Turns: 4351, Time: 00:05:10

HP:   0/49 (58)     AC: 10    Str: 23    XL:     7   Next: 81%
MP:   7/7           EV:  9    Int:  7    God:    the Shining One [......]
Gold: 183           SH:  5    Dex: 13    Spells: 6/6 levels left

rFire   + . .      SeeInvis +   a - +0 war axe
rCold   . . .      Faith    .   c - +0 buckler
rNeg    . . .      Spirit   .   b - +0 scale mail
rPois   .          Reflect  .   (helmet unavailable)
rElec   .          Harm     .   (no cloak)
rCorr   .          Rampage  .   m - +0 pair of gloves
Will    +....                   s - +0 pair of boots
Stlth   ..........              (no amulet)
HPRegen 0.16/turn               e - ring of willpower
MPRegen 0.10/turn               j - ring of protection from fire

@: mighty, glowing, heavily drained
A: permanent stasis, dig shafts and tunnels, antennae 3, four strong arms
a: Dig, Shaft Self, Renounce Religion


You were on level 5 of the Dungeon.
You worshipped the Shining One.
The Shining One was noncommittal.
You visited 1 branch of the dungeon, and saw 5 of its levels.

You collected 183 gold pieces.

Inventory:

Hand Weapons
 a - a +0 war axe (weapon)
Armour
 b - a +0 scale mail (worn)
 c - a +0 buckler (worn)
 m - a +0 pair of gloves (worn)
 s - a +0 pair of boots (worn)
Jewellery
 e - a ring of willpower (left hand)
 j - a ring of protection from fire (right hand)
 r - a ring of wizardry
 t - a ring of protection from fire
Scrolls
 f - 4 scrolls of teleportation {unknown}
 h - 3 scrolls of enchant armour {unknown}
 i - 8 scrolls of identify {unknown}
 l - a scroll of summoning {unknown}
 n - a scroll of acquirement {unknown}
 o - a scroll of enchant weapon {unknown}
 q - a scroll of magic mapping {unknown}
Potions
 d - a potion of might
 g - 3 potions of curing {unknown}
 k - a potion of ambrosia {unknown}
 p - 2 potions of invisibility {unknown}


   Skills:
 + Level 6.0 Fighting
 + Level 4.9 Axes
 + Level 6.0 Armour
 - Level 4.0 Shields


You had 6 spell levels left.
You didn't know any spells.
Your spell library contained the following spells:

 Spells                   Type           Power      Damage    Failure   Level
 Sting                    Tmut/Pois      0%         1d3       80%         1
 Frozen Ramparts          Ice            0%         1d1       99%         3
 Ice Form                 Ice/Tmut       0%         N/A       100%        4
 Fireball                 Conj/Fire      0%         3d3       100%        5
 Iskenderun's Battlesphe  Conj           0%         2d6       100%        5
 Conjure Ball Lightning   Conj/Air       0%         3x3d6     100%        6
 Simulacrum               Ice/Necr       0%         N/A       100%        6
 Orb of Destruction       Conj           0%         9d5       100%        7


Dungeon Overview and Level Annotations

Branches:
Dungeon (5/15)
 Temple: D:4-7

Altars:
Cheibriados
Dithmenos
Elyvilon
Qazlal
Sif Muna
Wu Jian
The Shining One


Innate Abilities, Weirdness & Mutations

You cannot be hasted, slowed, berserked, paralysed or teleported.
You can dig through walls and to a lower floor.
You have a pair of large antennae on your head. (SInv)
Your four strong arms can wield two-handed weapons with a shield.


Message History

You retract your mandibles.
You barely miss the gnoll sergeant.
The gnoll sergeant hits you with a +0 spear.
The gnoll sergeant blocks your attack.
The gnoll sergeant hits you with a +0 spear!
You are too injured to fight recklessly!
You are too injured to fight recklessly!
You are too injured to fight recklessly!
You are too injured to fight recklessly!
You are too injured to fight recklessly!
You are too injured to fight recklessly!
You are too injured to fight recklessly!
You are too injured to fight recklessly!
You are too injured to fight recklessly!
You are too injured to fight recklessly!
You are too injured to fight recklessly!
You are too injured to fight recklessly!
You are too injured to fight recklessly!
You are too injured to fight recklessly!
You are too injured to fight recklessly!
You are too injured to fight recklessly!
You hit the gnoll sergeant but do no damage.
The gnoll sergeant hits you with a +0 spear.
The gnoll sergeant closely misses you.
You barely miss the gnoll sergeant.
The gnoll sergeant is no longer moving quickly.
The gnoll sergeant hits you but does no damage.
You hit the gnoll sergeant.
The gnoll sergeant is lightly wounded.
The gnoll sergeant hits you with a +0 spear!
* * * LOW HITPOINT WARNING * * *
You barely miss the gnoll sergeant. The gnoll sergeant barely misses you.
You feel very mighty all of a sudden. The gnoll sergeant closely misses you.
You hit the gnoll sergeant.
The gnoll sergeant is lightly wounded.
You block the gnoll sergeant's attack. x2
You hit the gnoll sergeant.
The gnoll sergeant is lightly wounded.
The gnoll sergeant hits you with a +0 spear!
You die...

#...... # #....^^^.
#.### ##...^..^..
#...g ##......^^...
##.g{###.....^....^.
#..gg{g'......^.....
#...g##{#............
### #g###.......^...
##@###^......^.. ###
##.........
##........
#####.#...... #.....#
####. #.##..##
###.##...##
.......<..#
###.##....#


You could see a gnoll sergeant.

Vanquished Creatures
  An ogre (D:4)
  2 necrophages (D:4)
  The ghost of heinrich the Ruffian, a weakling TrFi (D:3)
  A jelly (D:4)
  An orc priest (D:4)
  A gnoll bouda (D:5)
  An iguana (D:4)
  2 orc wizards
  3 gnolls
  9 adders
  An ufetubus (D:4)
  2 worms (D:3)
  2 dart slugs
  7 orcs
  8 endoplasms
  3 giant cockroaches
  6 goblins
  11 hobgoblins
  4 jackals (D:2)
  5 kobolds
  3 quokkas
  4 ball pythons
  7 bats
  8 frilled lizards
  13 rats
106 creatures vanquished.

Vanquished Creatures (others)
  10 plants (D:4)
10 creatures vanquished.

Grand Total: 116 creatures vanquished

Notes
Turn   | Place    | Note
-------+----------+-------------------------------------------
     0 | D:1      | Arum the Formicid Fighter began the quest for the Orb.
     0 | D:1      | Reached XP level 1. HP: 18/18 MP: 1/1
   127 | D:1      | Reached XP level 2. HP: 18/24 MP: 2/2
   398 | D:1      | Reached XP level 3. HP: 27/30 MP: 3/3
   502 | D:1      | Got the Octavo of the Chickpea
   967 | D:1      | Reached XP level 4. HP: 37/37 MP: 4/4
  1496 | D:2      | Reached XP level 5. HP: 42/42 MP: 5/5
  1872 | D:3      | Found a runed translucent door.
  1874 | D:3      | Noticed heinrich's ghost (weakling TrFi)
  1910 | D:3      | Killed heinrich's ghost
  2149 | D:3      | Found a runed translucent door.
  2215 | D:3      | Reached XP level 6. HP: 26/49 MP: 6/6
  2467 | D:3      | Reached skill level 5 in Fighting
  2467 | D:3      | Reached skill level 5 in Armour
  3017 | D:4      | Noticed an ogre
  3025 | D:4      | Killed an ogre
  3233 | D:4      | Found a shimmering blue altar of Sif Muna.
  3236 | D:4      | Found a stormy altar of Qazlal.
  3236 | D:4      | Found a snail-covered altar of Cheibriados.
  3236 | D:4      | Found a white marble altar of Elyvilon.
  3247 | D:4      | Reached XP level 7. HP: 19/56 MP: 7/7
  3262 | D:4      | Found a glowing golden altar of the Shining One.
  3262 | D:4      | Found an ornate altar of the Wu Jian Council.
  3273 | D:4      | Became a worshipper of the Shining One
  3971 | D:4      | Found a shadowy altar of Dithmenos.
  4318 | D:5      | Entered Level 5 of the Dungeon
  4351 | D:5      | Slain by a gnoll sergeant

Illustrated notes

Levels and vault maps discovered:
D:1:      saegor_arrival_simple_e, layout_loops_ring
D:2:      layout_loops_ring, chequers_serial_rivers_small_b
D:3:      layout_rooms, ebering_ghost_sewer_f, chequers_serial_rivers_room_a,
          serial_bayou_pond_c
D:4:      layout_cave_pools, minmay_overflow_temple_hex,
          mainiacjoe_overflow_boulevard, serial_forest,
          infiniplex_forest_clump_large, infiniplex_forest_straight_4,
          infiniplex_forest_end_3, infiniplex_forest_lined_room_3,
          infiniplex_forest_corner_1, infiniplex_forest_clump_small,
          infiniplex_forest_clump_tiny, infiniplex_forest_lined_corner,
          infiniplex_forest_clump_large, infiniplex_forest_clump_diagonal
D:5:      layout_loops_corners, gup_sewer_entry_glass, minmay_holes,
          uniq_eustachio

Skill      XL: |  1  2  3  4  5  6  7 |
---------------+----------------------+-----
Armour         | 4 5 6 |  6.0
Fighting       | 4 5 6 |  6.0
Axes           | 3 4 |  4.9
Shields        | |  4.0

Action                   |  1- 3 |  4- 6 |  7- 9 || total
-------------------------+-------+-------+-------++-------
Melee: War axe           |    62 |   185 |    74 ||   321
 Abil: Dig               |     1 |     2 |     1 ||     4
  Use: Potion            |       |       |     1 ||     1
Armor: Scale mail        |    24 |    82 |    36 ||   142
Dodge: Dodged            |    21 |   100 |    32 ||   153
Block: Buckler           |    17 |    48 |    20 ||    85
